 Dungeon Crawl Stone Soup version 0.31-a0-1074-g0b22e4e0f1 (webtiles) character file.

Game seed: 13106612132974150309

1558 freelancePsychic the Digger (level 8, -1/93 HPs)
             Began as a Demonspawn Earth Elementalist on Dec 6, 2023.
             Was a Follower of Vehumet.
             Slain by a hornet (8 damage)
             ... on level 6 of the Dungeon.
             The game lasted 00:13:17 (8657 turns).

freelancePsychic the Digger (DsEE)                  Turns: 8657, Time: 00:13:18

Health: -1/93      AC: 24    Str:  9    XL:     8   Next: 58%
Magic:  12/12      EV:  2    Int: 19    God:    Vehumet [*.....]
Gold:   356        SH:  0    Dex: 13    Spells: 5/13 levels left

rFire   . . .        e - +1 dagger (speed)
rCold   . . .        f - orb {guile}
rNeg    . . .        o - melded +0 leather armour
rPois   +            (helmet currently unavailable)
rElec   .            u - melded +0 cloak
rCorr   .            (gloves currently unavailable)
SInv    .            g - melded +0 pair of boots
Will    .....        p - amulet of magic regeneration
Stlth   ++           C - ring of poison resistance
HPRegen 0.35/turn    (no ring)
MPRegen 0.53/turn

%: no passive effects
@: mighty, tree-form
A: stationary, stasis, torment immunity, boosted hp, (claws 1), (large bone
plates 1), foul stench 1, powered by pain 1
a: Renounce Religion


You were on level 6 of the Dungeon.
You worshipped Vehumet.
Vehumet was aware of your devotion.
You were a tree.
You visited 2 branches of the dungeon, and saw 7 of its levels.
You also visited: Sewer.

You collected 356 gold pieces.

Inventory:

Hand Weapons
 e - a +1 dagger of speed (weapon)
 h - a +0 whip
Missiles
 i - 6 throwing nets
Armour
 a - a +0 robe
 f - an orb of guile (worn)
 g - a +0 pair of boots (melded)
 n - the +3 buckler "Adaejuu" {MP-9 Str+4}
   (You found it on level 2 of the Dungeon)

   Str+4:     It affects your strength (+4).
   MP-9:      It affects your magic capacity (-9).
 o - a +0 leather armour (melded)
 u - a +0 cloak (melded)
Magical Staves
 q - a staff of earth
Jewellery
 l - an amulet of guardian spirit
 p - an amulet of magic regeneration (around neck)
 C - a ring of poison resistance (left branch)
 E - an amulet of reflection
Scrolls
 c - 2 scrolls of amnesia
 j - 2 scrolls of fog
 v - a scroll of enchant armour
 w - a scroll of noise
 x - 2 scrolls of immolation
 B - a scroll of identify {@r1}
Potions
 b - 2 potions of haste {unknown}
 d - a potion of lignification
 k - a potion of brilliance
 m - 3 potions of curing {unknown}
 r - a potion of heal wounds {unknown}
 s - 4 potions of enlightenment
 t - 3 potions of mutation
 z - a potion of might {unknown}
 D - a potion of ambrosia {unknown}


   Skills:
 + Level 5.1 Fighting
 - Level 1.7 Dodging
 - Level 1.7 Stealth
 - Level 3.0 Spellcasting
 - Level 3.0 Conjurations
 + Level 4.7 Transmutations
 + Level 6.6 Earth Magic


You had 5 spell levels left.
You knew the following spells:

 Your Spells              Type           Power      Damage    Failure   Level
a - Sandblast             Erth           56%        2d13      1%          1
b - Stone Arrow           Conj/Erth      42%        3d9       6%          3
c - Petrify               Tmut/Erth      24%        N/A       14%         4

Your spell library contained the following spells:

 Spells                   Type           Power      Damage    Failure   Level
 Magic Dart               Conj           56%        1d5       4%          1
 Passwall                 Tmut/Erth      20%        N/A       2%          2
 Necrotise                Necr           8%         1d4       16%         1
 Brom's Barrelling Bould  Conj/Erth      21%        2d4       21%         4
 Ignite Poison            Fire/Tmut/Pois 8%         N/A       24%         3
 Vampiric Draining        Necr           2%         2d6       41%         3
 Sticky Flame             Conj/Fire      8%         2d3       63%         4
 Agony                    Necr           2%         N/A       99%         5
 Simulacrum               Ice/Necr       1%         N/A       100%        6
 Ozocubu's Refrigeration  Ice            1%         4d7       100%        7
 Ignition                 Fire           1%         3d3       100%        8
 Polar Vortex             Ice            1%         N/A       100%        9


Dungeon Overview and Level Annotations

Branches:
Dungeon (6/15)             Temple (1/1) D:4           Sewer (visited)

Altars:
Ashenzari
Cheibriados
Dithmenos
Fedhas
Gozag
Hepliaklqana
Kikubaaqudgha
Nemelex Xobeh
Okawaru
Sif Muna
Uskayaw
Vehumet
Wu Jian
Yredelemnul

Shops:
D:6 [

Annotations:
D:3 3 runed translucent doors, osoart's ghost, weakling OpSh
D:4 1 runed translucent door, hgbash's ghost, amateur OpEE


Innate Abilities, Weirdness & Mutations

You are a tree.
Your roots penetrate the ground, keeping you stationary.
You cannot be teleported.
You are immune to unholy pain and torment.
Your maximum health is greatly increased.
Your equipment is partially melded.
((You have sharp fingernails.))
((You are partially covered in large bone plates. (SH +4)))
You may rarely emit foul miasma when damaged in melee.
You sometimes gain a little power by taking damage.


Message History

The stone arrow hits the hornet but does no damage.
The hornet is heavily wounded.
You feel sick.
You are no longer poisoned.
The scorpion misses your ice beast. The hornet stings you!
* * * LOW HITPOINT WARNING * * *
Your bullfrog hits the steam dragon.
Your ice beast hits the scorpion.
Your ice beast freezes the scorpion!
The scorpion dies!
Vehumet accepts your kill.
Your gnoll closely misses the hornet.
Your gnoll barely misses the ogre.
The steam dragon barely misses your gnoll.
The steam dragon claws your gnoll.
Casting: Stone Arrow (mildly dangerous; 6% risk of failure)
Confirm with . or Enter, or press ? or * to list all spells.
Aiming: Stone Arrow (mildly dangerous; 6% risk of failure)
Press: ? - help, Shift-Dir - straight line, f/p - hornet
Aim: a hornet (heavily wounded, ally target, 57% to hit)
The stone arrow hits the hornet!
The hornet is severely wounded.
The hornet stings you but does no damage.
Your bullfrog hits the steam dragon.
The ogre hits your gnoll with a +0 giant club!!
Your gnoll dies!
Your gnoll's corpse dissolves into shadows!
Your gnoll barely misses the ogre.
The steam dragon bites your gnoll! The steam dragon claws your gnoll.
Your gnoll dies!
Your gnoll's corpse dissolves into shadows!
The hornet stings you.
* * * LOW HITPOINT WARNING * * *
Your bullfrog barely misses the steam dragon.
Casting: Stone Arrow (mildly dangerous; 6% risk of failure)
Confirm with . or Enter, or press ? or * to list all spells.
You don't have enough magic to cast this spell.
Unknown command.
Okay, then.
Unknown command.
Magic courses through your body. The hornet stings you!
You die...

.........#
#.........
#>.≈≈§§§≈≈
#########..≈..§...
#..........≈.§§§§≈
#.#######..≈§§§.§.
#.# #..§§§.§§≈ #.#
#..§§§.≈∩. #.#
#.♣§g≈.≈≈. #.#
#.y≈Y≈§..) #.#
#O5≈.≈≈§§≈ #.###
#D.§§..... #..<#
#F†§≈≈≈≈≈≈ ###.#
#..§§..$.. #.#
#.###.##.. #.# #.#
.# .# #.# #.. ..


You could see a hornet (ally target), a steam dragon (ally target), an ogre, an
ufetubus, a friendly ice beast (summoned, very poisoned), a friendly bullfrog
(summoned) and a friendly gnoll (summoned).

Vanquished Creatures
  A water moccasin (D:6)
  2 ogres
  2 phantoms
  A gnoll sergeant (D:3)
  2 scorpions (D:5)
  A wight (D:3)
  2 howler monkeys
  An orc priest (D:4)
  3 hounds
  2 iguanas (D:5)
  An orc wizard (D:4)
  18 gnolls
  11 adders
  6 river rats (Sewer)
  A shadow imp (D:5)
  A white imp (D:5)
  7 worms
  2 dart slugs
  28 orcs
  11 ball pythons
  7 endoplasms
  10 giant cockroaches
  11 goblins
  12 hobgoblins
  17 jackals
  2 quokkas
  20 bats
  5 frilled lizards
  6 kobolds
  11 rats
204 creatures vanquished.

Vanquished Creatures (collateral kills)
  A scorpion (D:6)
1 creature vanquished.

Grand Total: 205 creatures vanquished

Notes
Turn   | Place    | Note
-------+----------+-------------------------------------------
     0 | D:1      | freelancePsychic the Demonspawn Earth Elementalist began
                  | the quest for the Orb.
     0 | D:1      | Reached XP level 1. HP: 13/13 MP: 3/3
   215 | D:1      | Reached skill level 3 in Earth Magic
   237 | D:1      | Gained mutation: You are partially covered in large bone
                  | plates. (SH +4) [demonic ancestry]
   237 | D:1      | Reached XP level 2. HP: 19/19 MP: 3/5
   673 | D:1      | Found a faded altar of an unknown god.
   847 | D:1      | Reached skill level 1 in Conjurations
  1006 | D:1      | Gained mutation: You may rarely emit foul miasma when
                  | damaged in melee. [demonic ancestry]
  1006 | D:1      | Reached XP level 3. HP: 24/24 MP: 3/6
  1827 | D:2      | Reached XP level 4. HP: 27/30 MP: 3/7
  2090 | D:2      | Learned a level 3 spell: Stone Arrow
  2100 | D:2      | Found a blossoming altar of Fedhas.
  2145 | D:2      | Identified the +3 buckler "Adaejuu" {MP-9 Str+4}
  2299 | D:3      | Found a runed translucent gate.
  2299 | D:3      | Found a runed translucent gate.
  2300 | D:3      | Found a runed translucent gate.
  2367 | D:2      | Reached skill level 4 in Earth Magic
  2817 | D:3      | Noticed a gnoll sergeant
  2854 | D:2      | Reached XP level 5. HP: 14/35 MP: 5/9
  3172 | D:3      | Reached skill level 1 in Transmutations
  3383 | D:3      | Reached skill level 1 in Fighting
  3391 | D:3      | Reached XP level 6. HP: 23/43 MP: 0/10
  3732 | D:3      | Reached skill level 5 in Earth Magic
  4354 | D:3      | Gained mutation: You have sharp fingernails. [demonic
                  | ancestry]
  4354 | D:3      | Reached XP level 7. HP: 51/51 MP: 1/11
  4979 | D:3      | Noticed osoart's ghost (weakling OpSh)
  5022 | D:4      | Found a staircase to the Ecumenical Temple.
  5037 | Temple   | Entered the Ecumenical Temple
  5057 | Temple   | Became a worshipper of Vehumet
  5085 | D:4      | Learned a level 4 spell: Petrify
  5200 | D:4      | Found a runed translucent door.
  5201 | D:4      | Noticed hgbash's ghost (amateur OpEE)
  5226 | D:5      | Entered Level 5 of the Dungeon
  5453 | D:4      | Found a glowing drain.
  5472 | Sewer    | Entered a sewer
  6401 | Sewer    | Reached * piety under Vehumet
  6401 | Sewer    | Offered knowledge of Magic Dart by Vehumet.
  7548 | D:5      | Gained mutation: You sometimes gain a little power by
                  | taking damage. [demonic ancestry]
  7548 | D:5      | Reached XP level 8. HP: 60/60 MP: 6/12
  7597 | D:5      | Reached skill level 6 in Earth Magic
  8634 | D:6      | Found Sofum's Armour Shoppe.
  8643 | D:6      | Noticed a hornet
  8649 | D:6      | Reached skill level 5 in Fighting
  8657 | D:6      | Slain by a hornet

Illustrated notes

Levels and vault maps discovered:
D:1:      mushboom_english_gardens, layout_basic,
          shapermc_ecumenical_altar_hornbeckon
D:2:      layout_basic, basic_altar, minmay_close_crescents
D:3:      lemuel_castle_with_subvaults [lemuel_castle_interior_original],
          layout_basic, gammafunk_ghost_icy
D:4:      layout_cave_pools, temple_statues, hellmonk_ghost_happy_afterlife,
          cheibrodos_sewer_entry_drain
D:5:      layout_loops_ring, wad_floor_pattern_untrapped, kennysheep_cross_room
D:6:      layout_loops_ring, serial_shops, nicolae_shop_tiny_glass, shop,
          nicolae_inconvenience_store, uniq_menkaure, uniq_crazy_yiuf_cottage,
          uniq_sigmund
Temple:   kb_temple_of_zot

Skill      XL: |  1  2  3  4  5  6  7  8 |
---------------+-------------------------+-----
Earth Magic    | 3 4 5 6 |  6.6
Conjurations   | 1 2 3 |  3.0
Spellcasting   | 3 |  3.0
Transmutations | 1 2 3 4 |  4.7
Fighting       | 1 2 3 5 |  5.1
Dodging        | |  1.7
Stealth        | |  1.7

Action                     |  1- 3 |  4- 6 |  7- 9 || total
---------------------------+-------+-------+-------++-------
  Melee: Unarmed           |    15 |       |     2 ||    17
         Whip              |    23 |     1 |       ||    24
         Dagger            |       |    50 |   166 ||   216
         Punch             |       |     3 |     1 ||     4
   Cast: Sandblast         |    61 |    94 |    33 ||   188
         Stone Arrow       |       |    21 |    77 ||    98
    Use: Scroll            |     1 |     3 |     6 ||    10
         Potion            |       |     1 |     3 ||     4
 Armour: Robe              |    29 |    15 |       ||    44
         Leather armour    |       |    63 |   121 ||   184
         Skin              |       |       |    12 ||    12
  Dodge: Dodged            |    54 |    68 |   123 ||   245
  Block: Other             |     7 |    19 |     4 ||    30

Table legend: (Time is in decaauts)
 A = Elapsed time spent in this place.
 B = Non-inter-level travel time spent in this place.
 C = Inter-level travel time spent in this place.
 D = Time resting spent in this place.
 E = Time spent auto-exploring this place.
 F = Levels seen in this place.
 G = Mean time per level.
                   A        B        C        D        E       F      G
               +--------+--------+--------+--------+--------+-----+--------+
         Total |   8858 |   8495 |    363 |    141 |   6930 |   8 | 1107.2 |
       Dungeon |   7203 |   6856 |    347 |    141 |   5554 |   6 | 1200.5 |
        Temple |     37 |     21 |     16 |      0 |      0 |   1 |   37.0 |
         Sewer |   1617 |   1617 |      0 |      0 |   1376 |   1 | 1617.0 |
               +--------+--------+--------+--------+--------+-----+--------+

Top non-repeatable levels by time:
     D:3: 2294 daAuts
   Sewer: 1617 daAuts
     D:1: 1535 daAuts
     D:2: 1265 daAuts
     D:5: 1232 daAuts
     D:4: 819 daAuts
     D:6: 54 daAuts
  Temple: 37 daAuts
